 Dungeon Crawl Stone Soup version 0.26-a0-610-g3e9335bbc7 (webtiles) character file.

Game seed: 1965796597670461029

79761 Peloso the Peltast (level 15, -3/136 HPs)
             Began as a Minotaur Fighter on Sept 3, 2020.
             Was the Champion of Okawaru.
             Slain by a two-headed ogre
             ... wielding a +0 giant club
              (28 damage)
             ... on level 14 of the Dungeon.
             The game lasted 00:51:10 (20529 turns).

Peloso the Peltast (Minotaur Fighter)              Turns: 20529, Time: 00:51:10

Health: -3/136     AC: 18    Str: 35    XL:     15   Next: 21%
Magic:  15/15      EV: 10    Int:  5    God:    Okawaru [******]
Gold:   2228       SH: 15    Dex: 12    Spells: 14/14 levels left

rFire    + + .     SeeInvis .   a - +3 double sword "Wekkest" {pain, +Rage rPois Str+4}
rCold    + + .     Faith    .   c - +0 kite shield
rNeg     . . .     Spirit   .   i - +3 plate armour {rC+}
rPois    +         Reflect  .   (helmet restricted)
rElec    .         Harm     .   w - scarf {rC+ rF+}
rCorr    .                      (no gloves)
MR       +....                  (no boots)
Stlth    ..........             l - amulet of regeneration
HPRegen  0.72/turn              u - +6 ring of strength
MPRegen  0.14/turn              T - ring of protection from fire

@: heavily drained
A: retaliatory headbutt, horns 2
a: Heroism, Finesse, Renounce Religion, Evoke Berserk Rage


You were on level 14 of the Dungeon.
You worshipped Okawaru.
Okawaru was exalted by your worship.
You visited 4 branches of the dungeon, and saw 21 of its levels.
You also visited: Ossuary and Gauntlet.

You collected 2508 gold pieces.
You spent 280 gold pieces at shops.

Inventory:

Hand Weapons
 a - the +3 double sword "Wekkest" (weapon) {pain, +Rage rPois Str+4}
   (Okawaru gifted it to you on level 3 of the Lair of Beasts)

   In the hands of one skilled in necromantic magic, it inflicts extra damage on
   living creatures.
   It affects your strength (+4).
   It protects you from poison.
   It lets you go berserk.
 b - a +2 scimitar of flaming
 n - a +0 hand crossbow
 s - the +2 quarterstaff of the Enchanted Forest {vamp, rElec MP+9 Int+3, unknown}
   (You found it on level 13 of the Dungeon)

   It inflicts no extra harm, but heals its wielder when it wounds a living foe.
   It affects your intelligence (+3).
   It insulates you from electricity.
   It affects your magic capacity (+9).
Missiles
 d - 25 bolts
Armour
 c - a +0 kite shield (worn)
 i - a +3 plate armour of cold resistance (worn)
 q - the +15 Maxwell's patent armour {-Cast -Tele rElec MR+ rCorr}
   (Okawaru gifted it to you on level 13 of the Dungeon)

   It insulates you from electricity.
   It affects your resistance to hostile enchantments.
   It prevents spellcasting.
   It prevents most forms of teleportation.
   It provides partial protection from all sources of acid and corrosion.
 w - a scarf of resistance (worn)
 G - a +0 plate armour
Jewellery
 e - an uncursed ring of protection from cold
 l - an amulet of regeneration (around neck)
 t - a +6 ring of strength
 u - a +6 ring of strength (left hand)
 T - a ring of protection from fire (right hand)
Wands
 P - a wand of digging (11)
Scrolls
 f - 6 scrolls of fog
 h - a scroll of identify
 j - 7 scrolls of teleportation
 k - 3 scrolls of immolation
 m - 14 scrolls of remove curse
 o - a scroll of magic mapping
 p - a scroll of brand weapon
 r - a scroll of blinking
 v - a scroll of noise {unknown}
 y - 4 scrolls of random uselessness {unknown}
 F - 6 scrolls of fear
Potions
 g - 13 potions of curing
 z - 3 potions of stabbing
 C - 5 potions of haste
 D - 7 potions of flight
 K - 6 potions of might
 S - a potion of berserk rage


   Skills:
 + Level 13.2(11.3) Fighting
 + Level 16.3(14.3) Long Blades
   Level 3.4(1.9) Axes
 + Level 15.0(13.0) Armour
 + Level 4.6(3.0) Dodging
 + Level 3.1(1.7) Stealth
 + Level 17.0(14.9) Shields
 + Level 2.2(0.8) Invocations
 + Level 1.1(0.0) Evocations


You had 14 spell levels left.
You didn't know any spells.
Your spell library contained the following spells:

 Spells                   Type           Power        Failure   Level
 Animate Skeleton         Necr           #.....       95%         1
 Apportation              Tloc           #.....       95%         1
 Corona                   Hex            #......      95%         1
 Summon Small Mammal      Summ           #...         95%         1
 Blink                    Tloc           N/A          98%         2
 Call Imp                 Summ           #.......     98%         2
 Poisonous Vapours        Pois/Air       #.....       98%         2
 Slow                     Hex            #.......     98%         2
 Call Canine Familiar     Summ           #.......     100%        3
 Conjure Flame            Conj/Fire      #.......     100%        3
 Gell's Gravitas          Tloc           #.........   100%        3
 Inner Flame              Hex/Fire       #.......     100%        3
 Lesser Beckoning         Tloc           #.........   100%        3
 Mephitic Cloud           Conj/Pois/Air  #.......     100%        3
 Portal Projectile        Hex/Tloc       #.....       100%        3
 Summon Guardian Golem    Hex/Summ       #.......     100%        3
 Teleport Other           Tloc           #.......     100%        3
 Animate Dead             Necr           #.........   100%        4
 Cause Fear               Hex            #.........   100%        4
 Leda's Liquefaction      Hex/Erth       #.........   100%        4
 Passage of Golubria      Tloc           N/A          100%        4
 Summon Ice Beast         Ice/Summ       #.......     100%        4
 Summon Lightning Spire   Summ/Air       #.......     100%        4
 Borgnjor's Vile Clutch   Necr/Erth      #.........   100%        5
 Silence                  Hex/Air        #.........   100%        5
 Yara's Violent Unravell  Hex/Tmut       #.........   100%        5
 Death Channel            Necr           #.........   100%        6
 Freezing Cloud           Conj/Ice/Air   #.........   100%        6
 Simulacrum               Ice/Necr       #.........   100%        6
 Discord                  Hex            #.........   100%        8


Dungeon Overview and Level Annotations

Branches:
Dungeon (14/15)            Temple (1/1) D:6            Lair (4/6) D:8
 Shoals (0/4) Lair:3        Snake (0/4) Lair:4          Orc (2/2) D:12
    Elf (0/3) Orc:2        Vaults (0/5) D:14        Ossuary (visited)
Gauntlet (visited)

Altars:
Cheibriados
Dithmenos
Elyvilon
Fedhas
Gozag
Hepliaklqana
Makhleb
Nemelex Xobeh
Okawaru
Sif Muna
Trog
Uskayaw
Vehumet
Wu Jian
Xom
Yredelemnul
Zin
Beogh

Shops:
Orc:2 [:(*

Annotations:
D:14 Roxanne
Lair:1 Gastronok
Lair:2 exclusion: 3 oklob plants


Innate Abilities, Weirdness & Mutations

You reflexively headbutt those who attack you in melee.
You have a pair of horns on your head.


Message History

The vampire mosquito draws strength from your injuries!
You slice the ironheart preserver!!
The ironheart preserver is almost dead.
You block the vampire mosquito's attack.
The ironheart preserver casts a spell.
The ironheart preserver is healed somewhat.
You block the two-headed ogre's attack.
The two-headed ogre hits you with a +0 giant club!!
* * * LOW HITPOINT WARNING * * *
You slice the ironheart preserver!!
You kill the ironheart preserver!
Okawaru is honoured by your kill.
Your base Shields skill increases to level 17!
You block the vampire mosquito's attack.
The vampire mosquito closely misses you.
You furiously retaliate!
You headbutt the vampire mosquito!
You destroy the vampire mosquito!
Okawaru accepts your kill.
The two-headed ogre hits you with a +0 giant club!!
You die...

....# #.#.....#..#,....#,,****,*,
....# #.#.....#..#,....#,,*,<*,*,
....# #.#.....#..#.....*,,**,*,*,
....# #.#.....#..#.....#,,,,,*,*,
....# #.####''#..#''####,**,,*,*,
..### #.................,,,*+*,*,
..#####........)p.......,,,+∩+,*,
#.......#######.)#######,***+***,
######.##.....'.@†.....#,,,,,,,,,
.......#*$....'.O......#,********
.......#*.....#..#.....#,,,,,,,,,
.......##.....#..#.....#,********
........#$....#..#....∩#,,,,,****
........#######..#######,***,*,,,
........#,,,,*#...***,**,* *,*,**
........#,,,,,....,**,**,* *,*,*
.....[.##,*,,,,,*,,**,**,* *,*,*


You could see a two-headed ogre and a wizard.

Vanquished Creatures
  Jorgrun (D:13)
  Frances (D:14)
  Kirke (D:13)
  2 orc warlords (Orc:1)
  A stone giant (D:12)
  An ironheart preserver (D:14)
  An entropy weaver (shapeshifter) (Gauntlet)
  A minotaur (Gauntlet)
  3 ettins (D:12)
  Josephine (D:10)
  Erolcha (D:10)
  An ice dragon (D:14)
  7 hydras
  An anaconda (Lair:4)
  5 two-headed ogres
  2 tengu warriors
  4 orc high priests
  Sonja (D:10)
  4 skeletal warriors (D:14)
  A swamp dragon (shapeshifter) (Gauntlet)
  6 orc knights
  A deep elf mage (D:14)
  4 orc sorcerers
  7 ugly things
  A moth of wrath (shapeshifter) (D:14)
  14 cyclopes
  2 manticores
  Maurice (D:12)
  2 black mambas (Lair:4)
  A gargoyle (D:13)
  A smoke demon (Gauntlet)
  A rime drake (Lair:3)
  2 minotaur zombies (Gauntlet)
  8 cane toads
  Maggie (D:6)
  An efreet (D:14)
  3 komodo dragons
  12 trolls
  A raiju (Gauntlet)
  8 blink frogs (Lair:2)
  9 hippogriffs
  5 slime creatures
  Prince Ribbit (D:6)
  3 wraiths (D:10)
  3 hogs (D:13)
  3 wyverns
  A ynoxinul (Gauntlet)
  A basilisk (Lair:3)
  17 yaks
  2 steam dragons
  7 wargs
  5 vampire mosquitoes (D:14)
  Edmund (D:6)
  4 nagas (Lair:4)
  7 water moccasins
  2 soldier ants
  An acid dragon (D:11)
  6 porcupines
  A floating eye (shapeshifter) (Gauntlet)
  A black bear (D:6)
  6 ice beasts
  2 sky beasts
  33 orc warriors
  A phantom (D:12)
  2 necrophages
  15 ogres
  13 centaurs
  5 wolves
  3 big kobolds
  6 crocodiles
  18 bullfrogs
  A gnoll sergeant (D:12)
  A wyvern zombie (D:14)
  4 scorpions
  18 killer bees
  18 wights
  8 howler monkeys
  An electric eel (Lair:1)
  2 bullfrog zombies
  4 centaur zombies
  2 crimson imps (Gauntlet)
  4 jellies
  12 orc priests
  8 hounds
  5 centaur skeletons
  A human zombie (Ossuary)
  A bullfrog skeleton (D:12)
  3 iron imps (Gauntlet)
  2 iguanas
  16 orc wizards
  Natasha (twice) (D:2)
  11 worker ants
  A big kobold zombie (Ossuary)
  A hound zombie (D:9)
  2 hound skeletons
  3 mummies (Ossuary)
  A worker ant zombie (D:10)
  6 gnolls
  14 adders
  A shadow imp (D:5)
  2 white imps
  2 oozes
  2 adder zombies
  A worm (D:4)
  2 dart slugs
  6 leopard geckos
  72 orcs
  3 bats
  9 giant cockroaches
  A gnoll zombie (Ossuary)
  4 goblins
  3 hobgoblins
  12 jackals
  4 quokkas
  3 frilled lizards
  2 goblin zombies (Ossuary)
  17 kobolds
  A kobold zombie (Ossuary)
  10 rats
610 creatures vanquished.

Vanquished Creatures (others)
  A crocodile (Lair:3)
  2 wights (D:13)
  A jelly (D:14)
  2 bushes
  20 fungi
  71 plants
97 creatures vanquished.

Grand Total: 707 creatures vanquished

Notes
Turn   | Place    | Note
-------+----------+-------------------------------------------
     0 | D:1      | Peloso the Minotaur Fighter began the quest for the Orb.
     0 | D:1      | Reached XP level 1. HP: 19/19 MP: 0/0
   135 | D:1      | Reached skill level 4 in Shields
   135 | D:1      | Reached XP level 2. HP: 24/27 MP: 1/1
   777 | D:1      | You fall into a shaft and drop 1 floor!
   797 | D:2      | Reached XP level 3. HP: 33/33 MP: 2/2
   972 | D:2      | Reached XP level 4. HP: 40/40 MP: 3/3
  1175 | D:2      | Reached skill level 1 in Dodging
  1358 | D:2      | Noticed Natasha
  1361 | D:2      | Killed Natasha
  1361 | D:2      | Reached skill level 5 in Shields
  1399 | D:2      | Noticed Natasha
  1414 | D:2      | Killed Natasha
  1543 | D:3      | Reached XP level 5. HP: 46/46 MP: 4/4
  1558 | D:3      | Found a white marble altar of Elyvilon.
  1649 | D:3      | HP: 2/46 [orc priest/divine providence (11)]
  1995 | D:3      | Found a faded altar of an unknown god.
  2016 | D:3      | Found a radiant altar of Vehumet.
  2199 | D:3      | Found a basalt altar of Yredelemnul.
  2210 | D:4      | Found a hazy altar of Hepliaklqana.
  2253 | D:4      | Noticed an ogre
  2263 | D:4      | Reached skill level 5 in Armour
  2263 | D:4      | Reached XP level 6. HP: 50/53 MP: 5/5
  2564 | D:4      | Reached skill level 5 in Long Blades
  2956 | D:4      | Reached XP level 7. HP: 60/60 MP: 6/6
  3098 | D:5      | Entered Level 5 of the Dungeon
  3133 | D:5      | Found a sand-covered staircase.
  3172 | Ossuary  | Entered an ossuary
  3298 | Ossuary  | Reached skill level 6 in Shields
  3564 | D:5      | Noticed a troll
  3569 | D:5      | Found a blossoming altar of Fedhas.
  3597 | D:5      | Killed a troll
  3597 | D:5      | Reached skill level 5 in Fighting
  3597 | D:5      | Reached XP level 8. HP: 32/68 MP: 7/7
  3898 | D:5      | Found the amulet of the Air {Inacc +Fly rElec EV+5 RMsl}
  4104 | D:6      | Noticed Prince Ribbit
  4104 | D:6      | Noticed Maggie
  4112 | D:6      | Killed Maggie
  4112 | D:6      | Reached skill level 7 in Shields
  4115 | D:6      | Killed Prince Ribbit
  4266 | D:6      | Reached XP level 9. HP: 60/78 MP: 8/8
  4350 | D:6      | Noticed Edmund
  4375 | D:6      | Killed Edmund
  4927 | D:6      | Found a staircase to the Ecumenical Temple.
  5231 | D:7      | Reached skill level 8 in Shields
  5310 | Temple   | Entered the Ecumenical Temple
  5344 | Temple   | Became a worshipper of Warmaster Okawaru
  5453 | D:7      | Noticed a two-headed ogre
  5472 | D:7      | Killed a two-headed ogre
  5472 | D:7      | Reached * piety under Okawaru
  5737 | D:8      | Found a staircase to the Lair.
  5770 | D:8      | Reached skill level 9 in Shields
  6020 | D:8      | Reached XP level 10. HP: 86/86 MP: 9/9
  6416 | D:9      | Reached ** piety under Okawaru
  6416 | D:9      | Reached skill level 10 in Long Blades
  6441 | D:9      | Reached skill level 10 in Armour
  6631 | D:9      | Noticed a two-headed ogre
  6637 | D:9      | Killed a two-headed ogre
  6713 | D:9      | Found a shimmering altar of Xom.
  6716 | D:9      | Found a snail-covered altar of Cheibriados.
  6719 | D:9      | Found an ornate altar of the Wu Jian Council.
  7118 | D:10     | Entered Level 10 of the Dungeon
  7173 | D:10     | Reached *** piety under Okawaru
  7327 | D:10     | Reached skill level 10 in Shields
  7394 | D:10     | Noticed Sonja
  7404 | D:10     | Killed Sonja
  7485 | D:10     | Noticed Erolcha
  7496 | D:10     | Noticed Josephine
  7500 | D:10     | Killed Erolcha
  7500 | D:10     | Reached **** piety under Okawaru
  7500 | D:10     | Reached skill level 1 in Stealth
  7500 | D:10     | Reached skill level 11 in Shields
  7506 | D:10     | Reached skill level 1 in Evocations
  7514 | D:10     | Reached XP level 11. HP: 64/94 MP: 10/10
  7536 | D:10     | Killed Josephine
  7541 | D:10     | Reached ***** piety under Okawaru
  7757 | D:10     | Noticed a two-headed ogre
  7769 | D:10     | Killed a two-headed ogre
  8005 | D:10     | Noticed a purple ugly thing
  8088 | D:10     | Killed a purple ugly thing
  8474 | D:11     | Reached skill level 12 in Shields
  8628 | D:11     | You fall into a shaft and drop 3 floors!
  8651 | D:14     | Noticed a red ugly thing
  8651 | D:14     | Noticed a red ugly thing
  8651 | D:14     | Noticed a red ugly thing
  8656 | D:14     | Noticed a skeletal warrior
  8658 | D:14     | Noticed a skeletal warrior
  8681 | D:14     | Noticed a red ugly thing
  8685 | D:14     | Noticed a six-headed hydra
  8781 | D:13     | Noticed a tengu warrior
  8802 | D:13     | Noticed a four-headed hydra
  8920 | D:12     | Noticed a four-headed hydra
  8934 | D:12     | Killed a one-headed hydra
  9017 | D:12     | Reached skill level 1 in Axes
  9019 | D:12     | Received a gift from Okawaru
  9163 | D:11     | Reached XP level 12. HP: 101/104 MP: 11/11
  9871 | D:12     | Noticed an ettin
  9871 | D:12     | Noticed an ettin
  9886 | D:12     | Killed an ettin
  9893 | D:12     | Killed an ettin
  9990 | D:12     | Noticed a two-headed ogre
 10000 | D:12     | Killed a two-headed ogre
 10000 | D:12     | Reached skill level 13 in Shields
 10101 | D:12     | Noticed Maurice
 10109 | D:12     | Killed Maurice
 10109 | D:12     | Reached skill level 10 in Fighting
 10270 | D:12     | Found a staircase to the Orcish Mines.
 10518 | D:12     | Noticed a five-headed hydra
 10525 | D:12     | Reached ****** piety under Okawaru
 10699 | D:12     | Received a gift from Okawaru
 10842 | D:12     | Noticed an ettin
 10844 | D:12     | Noticed a stone giant
 10845 | D:12     | Killed a one-headed hydra
 10884 | D:12     | Killed an ettin
 10892 | D:12     | Reached skill level 1 in Invocations
 10895 | D:12     | Killed a stone giant
 10895 | D:12     | Reached XP level 13. HP: 50/115 MP: 12/12
 11302 | Lair:1   | Entered Level 1 of the Lair of Beasts
 11338 | Lair:1   | Noticed Gastronok
 11346 | Lair:1   | Found a gate leading to a gauntlet.
 11355 | Gauntlet | Entered a Gauntlet
 11355 | Gauntlet | Found a transporter.
 11355 | Gauntlet | Found a transporter.
 11361 | Gauntlet | Found a transporter.
 11363 | Gauntlet | Found a transporter.
 11364 | Gauntlet | Found the +2 cloak of the Thief {*Fog Slay-2 SInv Stlth+}
 11371 | Gauntlet | Found a transporter.
 11375 | Gauntlet | Found a transporter.
 11384 | Gauntlet | Found a transporter.
 11394 | Gauntlet | Found a transporter.
 11413 | Gauntlet | Found a transporter.
 11417 | Gauntlet | Found a large runed translucent door.
 11418 | Gauntlet | Found a large runed translucent door.
 11419 | Gauntlet | Found a large runed translucent door.
 11419 | Gauntlet | Found a large runed translucent door.
 11420 | Gauntlet | Found a runed translucent gate.
 11421 | Gauntlet | Found a large runed translucent door.
 11421 | Gauntlet | Found a large runed translucent door.
 11421 | Gauntlet | Found a runed translucent door.
 11421 | Gauntlet | Found a transporter.
 11421 | Gauntlet | Found a runed translucent gate.
 11422 | Gauntlet | Found a large runed translucent door.
 11422 | Gauntlet | Found a runed translucent gate.
 11422 | Gauntlet | Found a runed translucent door.
 11423 | Gauntlet | Found a large runed translucent door.
 11426 | Gauntlet | Found a large runed translucent door.
 11426 | Gauntlet | Found a large runed translucent door.
 11427 | Gauntlet | Found a large runed translucent door.
 11428 | Gauntlet | Found a large runed translucent door.
 11437 | Gauntlet | Found a large runed translucent door.
 11437 | Gauntlet | Found a large runed translucent door.
 11438 | Gauntlet | Found a large runed translucent door.
 11439 | Gauntlet | Found a large runed translucent door.
 11441 | Gauntlet | Found a transporter.
 11453 | Gauntlet | Found a transporter.
 11616 | Gauntlet | Paralysed by a floating eye for 2 turns
 11642 | Gauntlet | Noticed an entropy weaver
 11662 | Gauntlet | Killed an entropy weaver
 11662 | Gauntlet | Received a gift from Okawaru
 11662 | Gauntlet | Reached skill level 14 in Shields
 11915 | Gauntlet | Got a shimmering iron ring
 11917 | Gauntlet | Identified the ring "Eroepn" {MP-9 Int+6 Dex+5 Stlth+} (You
                  | found it in a Gauntlet)
 11939 | Gauntlet | Noticed a minotaur
 11963 | Gauntlet | Killed a minotaur
 13904 | Lair:3   | Found a staircase to the Shoals.
 14333 | Lair:3   | Received a gift from Okawaru
 14339 | Lair:3   | Reached skill level 15 in Shields
 14345 | Lair:3   | Got a masterwork double sword {god gift}
 14346 | Lair:3   | Identified the +3 double sword "Wekkest" {pain, +Rage rPois
                  | Str+4} (Okawaru gifted it to you on level 3 of the Lair of
                  | Beasts)
 14799 | Lair:4   | Found a staircase to the Snake Pit.
 15451 | Lair:4   | Got an ancient rapier
 16137 | Orc:1    | Entered Level 1 of the Orcish Mines
 16140 | Orc:1    | Reached XP level 14. HP: 125/125 MP: 14/14
 16371 | D:11     | Identified the +3 rapier of Suicidal Tendencies {holy,
                  | rElec} (You found it on level 4 of the Lair of Beasts)
 16593 | Orc:2    | Entered Level 2 of the Orcish Mines
 16644 | Orc:2    | Noticed an orc warlord
 16644 | Orc:2    | Found Omih's Antique Armour Shoppe.
 16666 | Orc:1    | Received a gift from Okawaru
 16846 | Orc:1    | Killed an orc warlord
 16846 | Orc:1    | Reached skill level 15 in Long Blades
 17010 | Orc:2    | Noticed an orc warlord
 17045 | Orc:1    | Killed an orc warlord
 17296 | Orc:2    | Found Lonicatogh's Book Shop.
 17568 | Orc:2    | Found a staircase to the Elven Halls.
 17593 | Orc:2    | Found a roughly hewn altar of Beogh.
 17702 | Orc:2    | Found Niplat's General Store.
 17723 | Orc:2    | Reached skill level 16 in Shields
 17831 | Orc:2    | Bought a scroll of brand weapon for 280 gold pieces
 17867 | Orc:2    | Found Nydof's Antique Weapon Boutique.
 18870 | D:13     | Noticed Jorgrun
 18880 | D:13     | Killed Jorgrun
 18880 | D:13     | Received a gift from Okawaru
 18881 | D:13     | Found the +15 Maxwell's patent armour {-Cast -Tele rElec
                  | MR+ rCorr}
 19210 | D:13     | Noticed Kirke
 19231 | D:13     | Killed Kirke
 19251 | D:13     | Got a bloodstained quarterstaff
 19653 | D:14     | Noticed Frances
 19694 | D:14     | Killed Frances
 19844 | D:14     | Reached XP level 15. HP: 34/135 MP: 15/15
 20028 | D:14     | Identified Roxanne's Almanac of the Rocks
 20028 | D:14     | Noticed Roxanne
 20062 | D:14     | Reached skill level 15 in Armour
 20509 | D:14     | Found a gate to the Vaults.
 20515 | D:14     | Received a gift from Okawaru
 20528 | D:14     | Reached skill level 17 in Shields
 20529 | D:14     | Slain by a two-headed ogre

Illustrated notes

Levels and vault maps discovered:
D:1:      elethiomel_arrival_infinity_welcomes_careful_drivers, layout_basic
D:2:      layout_rooms, serial_bayou, serial_bayou_pond_b, serial_bayou_pond_d,
          serial_bayou_lagoon_a, serial_bayou_pond_e, serial_bayou_lake_a,
          chequers_garden, uniq_natasha
D:3:      layout_loops_ring, nicolae_overflow_hidden_temple, elyvilon_altar_5,
          chequers_ecumenical_altar_simple_redux
D:4:      layout_basic, overflow_temple_1_default, minmay_misc_feat_chi
D:5:      layout_loops_ring, lightli_ossuary_entry_decrepit_ruins,
          fedhas_bush_and_centaur_altar
D:6:      layout_loops_ring, minmay_temple_entry_from_below_b,
          uniq_prince_ribbit1, uniq_edmund, uniq_maggie
D:7:      layout_rooms
D:8:      layout_gridville, lair_entry_dummy
D:9:      layout_stronghold, grunt_temple_overflow_diamond
D:10:     minmay_clustersquares, layout_long_grid, uniq_sonja, uniq_erolcha,
          uniq_josephine
D:11:     layout_long_grid
D:12:     giant_chief_lemuel, layout_basic, orc_0_dummy, uniq_maurice
D:13:     layout_loops_ring, uniq_kirke, uniq_jorgrun
D:14:     layout_basic, skrybe_vaults_entry_preservation, serial_shops,
          nicolae_shop_behind_doors, uniq_frances, uniq_roxanne
Temple:   regret_index_temple_waves
Lair:1:   layout_long_grid, gauntlet_entry_generic,
          cheibrodos_lair_caveside_slide, hangedman_lair_unloving_vines,
          infiniplex_staircase_pool_2, serial_bayou_shore_b, grunt_megastairs_4,
          uniq_gastronok
Lair:2:   layout_cave_pods, grunt_megastairs_2, minmay_lair_oklob_chamber,
          lemuel_fruit_tree
Lair:3:   layout_roguey, minmay_shoals_entry_beasts
Lair:4:   beast_lair_carwin_large_1, layout_cave_pods,
          minmay_snake_entry_guardpost_small, serial_bayou_crossing
Orc:1:    layout_caves, serial_shops
Orc:2:    grunt_orc_gardens, layout_caves, grunt_orc_garden, grunt_orc_garden,
          grunt_orc_garden, grunt_orc_garden, basic_altar

Skill      XL: |  1  2  3  4  5  6  7  8  9 10 11 12 13 14 15 |
---------------+----------------------------------------------+-----
Shields        | 4 5 6 7 9 11 12 13 15 16 17 | 17.0
Fighting       | 4 5 6 7 8 9 10 11 13 | 13.2
Armour         | 4 5 6 7 9 10 11 12 14 15 | 15.0
Long Blades    | 3 4 5 6 8 9 11 12 13 14 16 | 16.3
Dodging        | 1 2 3 4 |  4.6
Stealth        | 1 2 3 |  3.1
Evocations     | 1 |  1.1
Axes           | 1 2 3 |  3.4
Invocations    | 1 2 |  2.2

Action                   |  1- 3 |  4- 6 |  7- 9 | 10-12 | 13-15 || total
-------------------------+-------+-------+-------+-------+-------++-------
Melee: Long sword        |    55 |   141 |   293 |   663 |       ||  1152
       Headbutt          |     4 |    24 |    84 |   262 |   340 ||   714
       Hand axe          |       |       |       |    17 |    21 ||    38
       Falchion          |       |       |       |    52 |   364 ||   416
       Double sword      |       |       |       |       |   618 ||   618
Invok: Heroism           |       |       |       |     7 |    13 ||    20
       Finesse           |       |       |       |       |     1 ||     1
Evoke: Wand              |       |       |       |     3 |       ||     3
  Use: Potion            |       |     8 |     1 |     2 |     5 ||    16
       Scroll            |       |       |     8 |     5 |    13 ||    26
 Stab: Paralysed         |       |       |       |     5 |       ||     5
       Invisible         |       |       |       |       |     2 ||     2
Armor: Scale mail        |    26 |    40 |       |       |       ||    66
       Chain mail        |       |     9 |    83 |       |       ||    92
       Plate armour      |       |       |    17 |   297 |   359 ||   673
Dodge: Dodged            |    22 |    43 |    68 |   220 |   326 ||   679
Block: Kite shield       |    35 |    83 |   146 |   571 |   779 ||  1614
       Rpst.: Long sword |     7 |     7 |    19 |    52 |       ||    85
       Falchion          |       |       |       |       |    13 ||    13
       Double sword      |       |       |       |       |    39 ||    39

Table legend: (Time is in decaauts)
 A = Elapsed time spent in this place.
 B = Non-inter-level travel time spent in this place.
 C = Inter-level travel time spent in this place.
 D = Time resting spent in this place.
 E = Time spent auto-exploring this place.
 F = Levels seen in this place.
 G = Mean time per level.
                   A        B        C        D        E       F      G
               +--------+--------+--------+--------+--------+-----+--------+
         Total |  20280 |  19318 |    962 |   1390 |  12299 |  23 |  881.7 |
       Dungeon |  12894 |  12234 |    660 |    605 |   8166 |  14 |  921.0 |
        Temple |     61 |     61 |      0 |      0 |     28 |   1 |   61.0 |
          Lair |   3860 |   3634 |    226 |      0 |   2951 |   4 |  965.0 |
  Orcish Mines |   2374 |   2299 |     75 |    551 |   1029 |   2 | 1187.0 |
       Ossuary |    324 |    324 |      0 |     32 |     51 |   1 |  324.0 |
      Gauntlet |    765 |    765 |      0 |    202 |     73 |   1 |  765.0 |
               +--------+--------+--------+--------+--------+-----+--------+

Top non-repeatable levels by time:
    D:12: 1875 daAuts
   Orc:2: 1383 daAuts
    D:11: 1171 daAuts
  Lair:4: 1171 daAuts
    D:10: 1069 daAuts
  Lair:2: 1060 daAuts
   Orc:1: 990 daAuts
     D:6: 975 daAuts
    D:14: 974 daAuts
     D:4: 890 daAuts
  Lair:3: 882 daAuts
     D:2: 808 daAuts
    D:13: 789 daAuts
     D:1: 784 daAuts
Gauntlet: 765 daAuts
